 Dungeon Crawl Stone Soup version 0.27-a0-1332-g84bddb5ca7 (webtiles) character file.

Game seed: 12144303816015361423

737 Wobber the Changer (level 7, -2/46 HPs)
             Began as an Octopode Transmuter on June 25, 2021.
             Was an Initiate of Vehumet.
             Killed from afar by an orc wizard (6 damage)
             ... with a magic dart
             ... on level 5 of the Dungeon.
             The game lasted 00:14:30 (5023 turns).

Wobber the Changer (Octopode Transmuter)            Turns: 5023, Time: 00:14:31

Health: -2/46      AC:  2    Str: 10    XL:     7   Next: 75%
Magic:  12/12      EV: 19    Int: 17    God:    Vehumet [......]
Gold:   213        SH:  0    Dex: 17    Spells: 7/13 levels left

rFire    . . .     SeeInvis .     - Unarmed
rCold    + . .     Faith    .   (shield currently unavailable)
rNeg     + . .     Spirit   .   (helmet currently unavailable)
rPois    x         Reflect  .   s - amulet of magic regeneration
rElec    .         Harm     .   h - ring of positive energy
rCorr    .         Rampage  .   i - ring of protection from cold
Will     .....                  (no ring)
Stlth    ++........             (no ring)
HPRegen  0.15/turn              (no ring)
MPRegen  0.38/turn              (no ring)
                                (no ring)
                                (no ring)

@: spider-form
A: venomous fangs, almost no armour, (amphibious), 8 rings, tiny, (camouflage
1), (gelatinous body 1), (nimble swimmer 1), (tentacles)
a: End Transformation, Renounce Religion


You were on level 5 of the Dungeon.
You worshipped Vehumet.
Vehumet was noncommittal.
You were a venomous arachnid creature.
You visited 1 branch of the dungeon, and saw 5 of its levels.

You collected 213 gold pieces.

Inventory:

Hand Weapons
 a - a +0 dagger
 d - a +0 short sword
 e - a +2 vampiric dagger (melded)
 l - a +0 hunting sling
Missiles
 f - 4 curare-tipped darts
 k - 34 bolts
 m - 12 poisoned darts
 q - 56 sling bullets
Jewellery
 h - a ring of positive energy (left front leg)
 i - a ring of protection from cold (right front leg)
 s - an amulet of magic regeneration (around neck)
Scrolls
 b - a scroll of teleportation
 g - a scroll of amnesia {unknown}
 j - 2 scrolls of silence {unknown}
 n - 5 scrolls of identify
 o - a scroll of vulnerability {unknown}
 r - a scroll of fog {unknown}
 t - a scroll of noise {unknown}
Potions
 c - a potion of lignification
 u - a potion of heal wounds {unknown}


   Skills:
 + Level 3.2 Fighting
 - Level 2.0 Dodging
 - Level 1.5 Stealth
 - Level 3.0 Unarmed Combat
 + Level 3.5 Spellcasting
 * Level 3.4 Conjurations
 * Level 5.1 Transmutations
 * Level 3.1 Poison Magic


You had 7 spell levels left.
You knew the following spells:

 Your Spells              Type           Power      Damage    Failure   Level
a - Beastly Appendage     Tmut           40%        N/A       8%          1
b - Spider Form           Tmut/Pois      8%         N/A       22%         3
c - Searing Ray           Conj           28%        3d4       17%         2

Your spell library contained the following spells:

 Spells                   Type           Power      Damage    Failure   Level
 Wereblood                Tmut           20%        N/A       11%         2
 Magic Dart               Conj           56%        1d5       13%         1
 Dazzling Flash           Conj/Hex       16%        N/A       45%         3
 Ice Form                 Ice/Tmut       11%        N/A       71%         4
 Fulminant Prism          Conj/Hex       4%         3d6       82%         4
 Iskenderun's Mystic Bla  Conj/Tloc      8%         2d4       82%         4


Dungeon Overview and Level Annotations

Branches:
Dungeon (5/15)
 Temple: D:4-7

Altars:
Sif Muna
Vehumet
Xom


Innate Abilities, Weirdness & Mutations

You are a venomous arachnid creature.
You have poisonous fangs.
You are tiny and dextrous.
Your spellcasting is less reliable in this form.
Your armour is entirely melded.
You are incapable of wielding weapons or throwing items.
You cannot wear most types of armour.
((You are amphibious.))
You can wear up to eight rings at the same time.
((Your skin changes colour to match your surroundings (Stealth+).))
((Your rubbery body absorbs attacks. (AC +1, EV +1)))
((You are camouflaged near water. (Stealth+)))
((You have tentacles for arms and can constrict up to eight enemies at once.))


Message History

Something hits you. The orc priest misses you.
You hit the orc priest.
You kill the orc priest!
Vehumet accepts your kill. Something hits you.
Something hits you but does no damage.
You hit something but do no damage.
Something hits you but does no damage. x2
You miss something. Something completely misses you. Something hits you.
You barely miss something. Something hits you. x2
* * * LOW HITPOINT WARNING * * *
You hit something.
You feel less confused. Something closely misses you.
You hear some strange, mumbled words.
A magic dart appears from out of thin air!
The magic dart hits you.
* * * LOW HITPOINT WARNING * * *
You hit something but do no damage. Something barely misses you.
Something hits you.
* * * LOW HITPOINT WARNING * * *
You barely miss something. Something hits you.
* * * LOW HITPOINT WARNING * * *
You hear some strange, mumbled words.
A magic dart appears from out of thin air!
The magic dart hits you.
* * * LOW HITPOINT WARNING * * *
It was a potion of curing.
You feel better. Something hits you but does no damage.
Something closely misses you.
You closely miss something. Something hits you.
* * * LOW HITPOINT WARNING * * *
Something hits you.
* * * LOW HITPOINT WARNING * * *
You completely miss something. Something hits you but does no damage.
You hear some strange, mumbled words.
Something tries to affect you, but you resist.
You closely miss something. Something hits you.
* * * LOW HITPOINT WARNING * * *
You hear some strange, mumbled words.
A magic dart appears from out of thin air!
The magic dart hits you.
You die...

#........#..# ..........#.#
............##
.............##
).............###
........†.......############
.........).................##
...........{................#
...........{s..............##
...........##########......#
...........#......##.......#
...........#.≈≈.≈.##.......##
...........#....≈.'.........#
...........#.≈..÷.'.........#
..........#.≈.≈≈.#..........
#......#.........#
########.........#


There were no monsters in sight!

Vanquished Creatures
  Sigmund (D:4)
  A necrophage (D:4)
  A phantom (D:4)
  2 scorpions (D:4)
  A hound (D:5)
  2 orc priests
  A jelly (D:4)
  An orc wizard (D:3)
  A hound skeleton (D:4)
  A gnoll (D:2)
  6 adders
  2 worms
  A dart slug (D:1)
  8 orcs
  5 ball pythons
  4 endoplasms
  5 giant cockroaches
  6 goblins
  9 hobgoblins
  9 jackals
  4 quokkas
  6 bats (D:1)
  2 kobolds
  7 rats
86 creatures vanquished.

Notes
Turn   | Place    | Note
-------+----------+-------------------------------------------
     0 | D:1      | Wobber the Octopode Transmuter began the quest for the Orb.
     0 | D:1      | Reached XP level 1. HP: 13/13 MP: 3/3
    55 | D:1      | Reached XP level 2. HP: 11/18 MP: 5/5
    57 | D:1      | Reached skill level 1 in Stealth
   672 | D:1      | Reached XP level 3. HP: 16/23 MP: 4/6
   860 | D:1      | Found a faded altar of an unknown god.
   865 | D:1      | Learned a level 3 spell: Spider Form
   988 | D:2      | Found a shimmering altar of Xom.
  1251 | D:2      | Reached skill level 1 in Poison Magic
  1383 | D:1      | Reached XP level 4. HP: 18/29 MP: 5/7
  1567 | D:2      | Reached skill level 3 in Transmutations
  2279 | D:3      | Found a radiant altar of Vehumet.
  2313 | D:3      | Became a worshipper of Vehumet
  2388 | D:3      | Learned a level 2 spell: Searing Ray
  2715 | D:3      | Reached XP level 5. HP: 22/34 MP: 6/8
  3319 | D:4      | Noticed a necrophage
  3331 | D:4      | Killed a necrophage
  3332 | D:4      | Reached skill level 1 in Conjurations
  3332 | D:4      | Reached XP level 6. HP: 26/39 MP: 8/10
  3548 | D:4      | Reached skill level 4 in Transmutations
  4140 | D:4      | Reached XP level 7. HP: 45/45 MP: 11/11
  4261 | D:4      | Noticed Sigmund
  4272 | D:4      | Killed Sigmund
  4413 | D:4      | Found a shimmering blue altar of Sif Muna.
  4532 | D:4      | Reached skill level 5 in Transmutations
  4741 | D:5      | Entered Level 5 of the Dungeon
  5023 | D:5      | Killed from afar by an orc wizard

Illustrated notes

Levels and vault maps discovered:
D:1:      dpeg_arrival_lava_altar, layout_rooms,
          hellmonk_ecumenical_altar_arch_garden
D:2:      layout_rooms, basic_altar, cheibrodos_gnoll_hut
D:3:      layout_loops_corners, nicolae_vehumet_altar_sigil, minivault_25
D:4:      layout_loops_cross, nicolae_sif_muna_little_library, uniq_sigmund
D:5:      black_bear_nest_2, layout_cave_pods, serial_shops, shop,
          ebering_ghost_inner_flame, minivault_24, nicolae_zen_rock_garden,
          kennysheep_generic_room_12

Skill      XL: |  1  2  3  4  5  6  7 |
---------------+----------------------+-----
Stealth        | 1 |  1.5
Poison Magic   | 1 2 3 |  3.1
Transmutations | 3 4 5 |  5.1
Fighting       | 2 3 |  3.2
Conjurations   | 1 2 3 |  3.4
Spellcasting   | 3 |  3.5
Dodging        | |  2.0
Unarmed Combat | |  3.0

Action                   |  1- 3 |  4- 6 |  7- 9 || total
-------------------------+-------+-------+-------++-------
Melee: Unarmed           |    22 |       |    21 ||    43
       Constrict         |    17 |    29 |     6 ||    52
       Kick              |    19 |    30 |     6 ||    55
       Tentacles         |    10 |    20 |     8 ||    38
       Punch             |     2 |     1 |       ||     3
       Dagger            |    13 |   107 |    28 ||   148
       Short sword       |    37 |       |       ||    37
 Cast: Beastly Appendage |    21 |    26 |     7 ||    54
       Spider Form       |       |       |     2 ||     2
       Searing Ray       |       |       |     2 ||     2
  Use: Scroll            |       |     2 |       ||     2
       Potion            |       |       |     1 ||     1
 Stab: Sleeping          |     6 |     4 |     1 ||    11
Armor: Skin              |     3 |     2 |    10 ||    15
Dodge: Dodged            |    64 |    56 |    25 ||   145

Table legend: (Time is in decaauts)
 A = Elapsed time spent in this place.
 B = Non-inter-level travel time spent in this place.
 C = Inter-level travel time spent in this place.
 D = Time resting spent in this place.
 E = Time spent auto-exploring this place.
 F = Levels seen in this place.
 G = Mean time per level.
                   A        B        C        D        E       F      G
               +--------+--------+--------+--------+--------+-----+--------+
         Total |   5022 |   4867 |    155 |   1346 |   2705 |   5 | 1004.4 |
       Dungeon |   5022 |   4867 |    155 |   1346 |   2705 |   5 | 1004.4 |
               +--------+--------+--------+--------+--------+-----+--------+

Top non-repeatable levels by time:
     D:3: 1511 daAuts
     D:4: 1348 daAuts
     D:1: 1146 daAuts
     D:2: 735 daAuts
     D:5: 281 daAuts
